 Dungeon Crawl Stone Soup version 0.27.1-33-g824d729ab1 (webtiles) character file.

Game seed: 12091742645584572787

27 coolguy420 the Conjurer (level 3, -2/24 HPs)
             Began as a Human Conjurer on Dec 7, 2021.
             Frozen to death by an endoplasm (3 damage)
             ... on level 3 of the Dungeon.
             The game lasted 00:06:21 (1613 turns).

coolguy420 the Conjurer (Human Conjurer)            Turns: 1613, Time: 00:06:22

Health: -2/24      AC:  4    Str:  7    XL:     3   Next: 25%
Magic:  5/6        EV: 12    Int: 19    God:
Gold:   64         SH:  0    Dex: 11    Spells: 5/6 levels left

rFire    . . .     SeeInvis .   (no weapon)
rCold    . . .     Faith    .   (no shield)
rNeg     . . .     Spirit   .   a - +0 robe
rPois    .         Reflect  .   (no helmet)
rElec    .         Harm     .   (no cloak)
rCorr    .         Rampage  .   j - +1 pair of gloves
Will     .....                  (no boots)
Stlth    +.........             (no amulet)
HPRegen  0.08/turn              (no ring)
MPRegen  0.10/turn              (no ring)

@: silenced, on berserk cooldown, slowed, very slow
A: no striking features
a: no special abilities


You were on level 3 of the Dungeon.
You visited 1 branch of the dungeon, and saw 4 of its levels.

You collected 64 gold pieces.

Inventory:

Armour
 a - a +0 robe (worn)
 j - a +1 pair of gloves (worn)
Scrolls
 c - a scroll of identify {unknown}
 d - a scroll of brand weapon
 h - 2 scrolls of fear {unknown}
 i - a scroll of enchant armour {unknown}
Potions
 b - a potion of mutation {unknown}


   Skills:
 + Level 2.2 Dodging
 + Level 2.2 Stealth
 + Level 2.1 Spellcasting
 + Level 4.6 Conjurations


You had 5 spell levels left.
You knew the following spells:

 Your Spells              Type           Power      Damage    Failure   Level
a - Magic Dart            Conj           76%        1d6       2%          1

Your spell library contained the following spells:

 Spells                   Type           Power      Damage    Failure   Level
 Searing Ray              Conj           38%        3d4       3%          2
 Dazzling Flash           Conj/Hex       20%        N/A       19%         3
 Fulminant Prism          Conj/Hex       5%         3d7       54%         4
 Iskenderun's Mystic Bla  Conj/Tloc      10%        2d4       54%         4


Dungeon Overview and Level Annotations

Branches:
Dungeon (4/15)
 Temple: D:4-7

Altars:
Elyvilon
Vehumet


Message History

You are no longer berserk.
You are exhausted.
You feel yourself slow down.
Your magical contamination has completely faded away.
The endoplasm closely misses you. The endoplasm misses you.
The endoplasm hits you.
* * * LOW HITPOINT WARNING * * *
Aiming: Magic Dart (safe; 2% risk of failure)
Press: ? - help, Q - select action Shift-Dir - straight line, f/p - orc
Aim: an orc, wielding a +0 flail and wearing a +0 ring mail (100% to hit)
The magic dart hits the endoplasm.
The endoplasm is severely wounded.
The endoplasm hits you but does no damage. x2
Aiming: Magic Dart (safe; 2% risk of failure)
Press: ? - help, Q - select action Shift-Dir - straight line, f/p - orc
Aim: an orc, wielding a +0 flail and wearing a +0 ring mail (100% to hit)
The magic dart hits the endoplasm but does no damage.
The endoplasm is severely wounded.
The endoplasm hits you but does no damage.
As you read the scroll labelled ENOUTZ VASEYMMUEL, it crumbles to dust.
It is a scroll of brand weapon.
You aren't carrying any weapons that can be branded.
The endoplasm barely misses you.
The endoplasm hits you but does no damage.
Unknown command.
There are no items here.
As you read the scroll labelled QEGOUD KIULEUNT, it crumbles to dust.
A profound silence engulfs you.
It was a scroll of silence.
The endoplasm barely misses you.
Magic scrolls do not work when you're silenced!
The endoplasm hits you.
* * * LOW HITPOINT WARNING * * *
The endoplasm barely misses you. The endoplasm freezes you.
You are frozen.
* * * LOW HITPOINT WARNING * * *
The endoplasm freezes you.
You are frozen.
You die...

..g.>...#.#
#.#
#.##.#.##.#
#.#
#....#.##.#
#.#
#.#..#.##.#
#.#
###..#.##.#
#.#
#.........#
#g#
#.####.####
#o#
#...o..#
#J#
#.######
#@#
.......#
#.#
..####.#
#.# ..# #.#
..... #.#
##### #.#
#.# #.# #.#


You could see an orc, an endoplasm and a hobgoblin.

Vanquished Creatures
  A dart slug (D:2)
  3 ball pythons
  3 endoplasms (D:2)
  2 giant cockroaches
  A goblin (D:2)
  A hobgoblin (D:2)
  A kobold (D:1)
  A quokka (D:1)
  5 bats
  5 rats
23 creatures vanquished.

Notes
Turn   | Place    | Note
-------+----------+-------------------------------------------
     0 | D:1      | coolguy420 the Human Conjurer began the quest for the Orb.
     0 | D:1      | Reached XP level 1. HP: 13/13 MP: 3/3
   211 | D:1      | Reached XP level 2. HP: 5/19 MP: 0/5
   331 | D:2      | Found a white marble altar of Elyvilon.
   825 | D:2      | Reached XP level 3. HP: 24/24 MP: 3/6
  1563 | D:3      | Found a radiant altar of Vehumet.
  1611 | D:3      | HP: 1/24 [frozen (3)]
  1613 | D:3      | Frozen to death by an endoplasm

Illustrated notes

Levels and vault maps discovered:
D:1:      dpeg_arrival_signposts, layout_loops_ring, minmay_pentomino_w4
D:2:      layout_loops_ring, basic_altar
D:3:      layout_basic, mainiacjoe_overflow_small_starburst,
          okawaru_metal_pillars_3, chequers_ecumenical_altar_twisty
D:4:      minmay_inner_zag, layout_basic, cheibrodos_sewer_entry_sluice,
          lemuel_old_faithful, uniq_ijyb

Action                   || total
-------------------------++-------
Melee: Unarmed           ||     3
 Cast: Magic Dart        ||    54
  Use: Scroll            ||     3
       Potion            ||     2
Armor: Robe              ||    11
Dodge: Dodged            ||    53
